 Dungeon Crawl Stone Soup version 0.20-a0-984-ge8aa303 (console) character file.

2029 nht the Grappler (level 9, -10/80 HPs)
             Began as an Ogre Skald on Apr 10, 2017.
             Was a Follower of Okawaru.
             Mangled by Joseph
             ... wielding a cursed +0 quarterstaff
              (17 damage)
             ... on level 8 of the Dungeon.
             The game lasted 00:11:02 (7309 turns).

nht the Grappler (Ogre Skald)                       Turns: 7309, Time: 00:11:03

Health: -10/80     AC:  4    Str: 19    XL:     9   Next: 23%
Magic:  2/12       EV: 11    Int: 22    God:    Okawaru [*.....]
Gold:   250        SH:  0    Dex:  8    Spells: 1/12 levels left

rFire    . . .     SeeInvis .     - Unarmed
rCold    + . .     Gourm    .   (no shield)
rNeg     . . .     Faith    .   m - +1 robe {rC+}
rPois    .         Spirit   .   (helmet restricted)
rElec    .         Reflect  .   (no cloak)
rCorr    .         Harm     .   (gloves unavailable)
MR       .....                  (boots unavailable)
Stlth    +.........             (no amulet)
Regen    0.3/turn               o - +1 ring of evasion
MPRegen  0.2/turn               u - +2 ring of strength

@: brilliant, lethally poisoned (-10 -> -12), about to teleport, infused,
slowed, very slow
A: unfitting armour, tough skin 1
a: Heroism, Renounce Religion


You were on level 8 of the Dungeon.
You worshipped Okawaru.
Okawaru was aware of your devotion.
You were not hungry.

You visited 2 branches of the dungeon, and saw 9 of its levels.

You collected 340 gold pieces.
You spent 90 gold pieces at shops.

Inventory:

Hand Weapons
 y - the +10 spear of Karma {venom, *Noise Str+5 Dex+6, unknown}
   (You found it on level 7 of the Dungeon)

   It poisons the flesh of those it strikes.
   It affects your strength (+5).
   It affects your dexterity (+6).
   It may make noises in combat.
Missiles
 d - 2 tomahawks (quivered)
 v - 3 throwing nets
Armour
 m - a +1 robe of cold resistance (worn)
Magical Staves
 r - an uncursed staff of air
Jewellery
 o - a +1 ring of evasion (left hand)
 u - a +2 ring of strength (right hand)
Wands
 f - a wand of enslavement (7/24)
 q - a wand of scattershot (6/9)
 w - a wand of paralysis (17/24)
 x - a wand of digging (9/24)
Scrolls
 a - a scroll of fear
 g - 4 scrolls of fog
 j - 2 scrolls of remove curse
 k - a scroll of teleportation
 s - 4 scrolls of enchant armour
 B - 2 scrolls of vulnerability
Potions
 e - a potion of magic
 l - a potion of cancellation
 t - a potion of might
 z - 2 potions of invisibility
Books
 b - a book of Battle

   Spells                             Type                      Level
   a - Infusion                       Charms                       1
   b - Shroud of Golubria             Charms/Translocation         2
   c - Song of Slaying                Charms                       2
   d - Spectral Weapon                Hexes/Charms                 3
   e - Regeneration                   Charms/Necromancy            3
Comestibles
 c - 10 bread rations
 h - 6 fruits
 i - 6 royal jellies
 n - 5 meat rations
 C - 9 chunks of flesh


   Skills:
 - Level 2.6 Fighting
 - Level 2.1 Dodging
 + Level 10.9 Unarmed Combat
 - Level 2.4 Spellcasting
 - Level 2.6 Charms


You had one spell level left.
You knew the following spells:

 Your Spells              Type           Power        Failure   Level  Hunger
a - Infusion              Chrm           ####         1%          1    None
b - Song of Slaying       Chrm           ####....     1%          2    ##.....
c - Shroud of Golubria    Chrm/Tloc      ###.......   1%          2    ##.....
d - Spectral Weapon       Hex/Chrm       ###.....     3%          3    ###....
r - Regeneration          Chrm/Necr      ###.......   3%          3    ###....


Dungeon Overview and Level Annotations

Branches:
Dungeon (8/15)             Temple (1/1) D:6
   Lair: D:8-11

Altars:
Ashenzari
Cheibriados
Dithmenos
Elyvilon
Fedhas
Gozag
Hepliaklqana
Kikubaaqudgha
Makhleb
Okawaru
Qazlal
Ru
Sif Muna
Trog
Uskayaw
Vehumet
Wu Jian
Xom
Yredelemnul
Zin
The Shining One

Shops:
D:5 :   D:7 *

Annotations:
D:8 Erica, Joseph


Innate Abilities, Weirdness & Mutations

You are too large for most types of armour.
You have tough skin. (AC +1)


Message History

Erica flickers and vanishes!
Deactivating autopickup; reactivate with Ctrl-A.
You feel sick.
Joseph, a Mercenary comes into view.
He is wielding a quarterstaff.
Okay, then.
Okay, then.
As you read the scroll of fog, it crumbles to dust.
The scroll dissolves into smoke.
You feel sick.
Joseph shouts!
You feel sick.
The worker ant waves its antennae.
You feel much better.
You feel sick. Joseph hits you with a quarterstaff!
As you read the scroll of teleportation, it crumbles to dust.
You feel strangely unstable.
You feel sick. Joseph hits you with a quarterstaff!
* * * LOW HITPOINT WARNING * * *
Joseph barely misses you.
You feel sick.
You feel sick. Joseph hits you with a quarterstaff!
You die... .......))........<█ .......)).........█ .......)..........█ ..................█ ....█.....███........ ... ████)██

█.███████ ..█
██).███....█ . █.
█........█..
█.███...@.......
█...█§§§@.......
████.§§§§§§......
██....§§§§§§..<)..
█...).§§§§§.......
..██████§.........
██.........
█......█..
..██████


You could see Joseph.

Vanquished Creatures
  Eustachio (D:4)
  An ice beast (D:5)
  2 ogres
  A necrophage (D:8)
  A centaur (D:5)
  3 bullfrogs
  Blork the orc (D:4)
  3 howler monkeys
  A centaur zombie (D:6)
  A crimson imp (D:7)
  4 orc priests
  A centaur skeleton (D:6)
  6 hounds
  7 orc wizards
  5 worker ants
  A hound skeleton (D:5)
  A worker ant zombie (D:5)
  Robin (D:4)
  7 gnolls
  10 adders
  3 shadow imps
  2 oozes
  An adder skeleton (D:8)
  2 worms (D:2)
  5 dart slugs
  5 leopard geckos
  20 orcs
  10 bats
  7 giant cockroaches
  10 goblins
  11 hobgoblins
  4 kobolds
  4 quokkas
  2 ball pythons
  5 frilled lizards
  A leopard gecko skeleton (D:4)
  A quokka skeleton (D:4)
  10 rats
161 creatures vanquished.

Vanquished Creatures (collateral kills)
  A hobgoblin (D:4)
  5 goblins (D:4)
6 creatures vanquished.

Vanquished Creatures (others)
  A goblin (D:4)
1 creature vanquished.

Grand Total: 168 creatures vanquished

Notes
Turn   | Place    | Note
-------+----------+-------------------------------------------
     0 | D:1      | nht the Ogre Skald began the quest for the Orb.
     0 | D:1      | Reached XP level 1. HP: 22/22 MP: 3/3
    32 | D:1      | Reached skill level 2 in Unarmed Combat
   392 | D:1      | Reached XP level 2. HP: 29/29 MP: 5/5
   807 | D:1      | Reached skill level 3 in Unarmed Combat
   874 | D:2      | Reached XP level 3. HP: 29/36 MP: 2/6
  1252 | D:2      | Reached XP level 4. HP: 13/44 MP: 4/7
  1676 | D:2      | Reached skill level 4 in Unarmed Combat
  2158 | D:2      | Reached XP level 5. HP: 41/50 MP: 8/8
  2540 | D:3      | Noticed an ogre
  2550 | D:3      | Killed an ogre
  2550 | D:3      | Reached skill level 5 in Unarmed Combat
  2605 | D:3      | Learned a level 3 spell: Regeneration
  2625 | D:3      | Reached XP level 6. HP: 47/59 MP: 5/9
  2709 | D:3      | Found a deep blue altar of Sif Muna.
  3376 | D:4      | Noticed Robin
  3384 | D:4      | Reached skill level 6 in Unarmed Combat
  3427 | D:4      | Killed Robin
  3651 | D:4      | Found a stormy altar of Qazlal.
  3651 | D:4      | Found a hide-covered altar of Uskayaw.
  3837 | D:4      | Noticed Blork the orc
  3847 | D:4      | Killed Blork the orc
  3847 | D:4      | Reached XP level 7. HP: 38/66 MP: 5/10
  3877 | D:4      | Noticed Eustachio
  3902 | D:4      | Killed Eustachio
  3902 | D:4      | Reached skill level 7 in Unarmed Combat
  4175 | D:4      | Found a shadowy altar of Dithmenos.
  4408 | D:5      | Entered Level 5 of the Dungeon
  4489 | D:5      | Reached skill level 8 in Unarmed Combat
  4505 | D:5      | Reached XP level 8. HP: 44/74 MP: 2/11
  4720 | D:5      | Found Duddevve's Book Boutique.
  4856 | D:5      | Reached skill level 9 in Unarmed Combat
  5237 | D:6      | Learned a level 2 spell: Song of Slaying
  5240 | D:6      | Learned a level 2 spell: Shroud of Golubria
  5244 | D:6      | Learned a level 3 spell: Spectral Weapon
  5548 | D:6      | Found a staircase to the Ecumenical Temple.
  5639 | Temple   | Entered the Ecumenical Temple
  5830 | Temple   | Became a worshipper of Warmaster Okawaru
  5978 | D:6      | Reached skill level 10 in Unarmed Combat
  6082 | D:6      | Found a snail-covered altar of Cheibriados.
  6472 | D:7      | Reached XP level 9. HP: 80/80 MP: 9/12
  7019 | D:7      | Found Eshops's Assorted Antiques.
  7080 | D:7      | Got a steaming spear
  7149 | D:7      | Bought 3 scrolls labeled WAOHA KAANUAR for 90 gold pieces
  7282 | D:8      | Reached * piety under Okawaru
  7293 | D:8      | Noticed Erica
  7304 | D:8      | Noticed Joseph
  7309 | D:8      | Mangled by Joseph

Vault maps used:
D:1:      minmay_arrival_solitary_statue, minmay_misc_feat_more_columns
D:2:      minmay_diamond_boxcup, dk_noncrumbling_2, lemuel_statue_altar
D:3:      first_bread, led_sif_pool
D:4:      chequers_temple_overflow_statue_of_worship, lemuel_tele_altar,
          uniq_robin, uniq_eustachio, uniq_blork_the_orc
D:5:      serial_shops, nicolae_shop_behind_doors
D:6:      kennysheep_mini_moat, minmay_temple_entry_trees,
          kennysheep_generic_room_7
D:7:      serial_shops, shop, grunt_ogre_cave, minmay_misc_feat_five
D:8:      nicolae_overflow_crystal_walls, serial_shops, shop,
          lemuel_oklob_altar, uniq_joseph, uniq_erica, uniq_psyche
Temple:   hc_temple_tempest_star

Skill      XL: |  1  2  3  4  5  6  7  8 |
---------------+-------------------------+-----
Unarmed Combat | 2 3 4 5 6 8 10 | 10.9
Fighting       | |  2.6
Dodging        | |  2.1
Spellcasting   | |  2.4
Charms         | |  2.6

Action                   |  1- 3 |  4- 6 |  7- 9 || total
-------------------------+-------+-------+-------++-------
Melee: Unarmed           |   159 |   217 |   256 ||   632
       Punch             |     3 |     5 |     2 ||    10
 Cast: Infusion          |     9 |    21 |    27 ||    57
       Regeneration      |       |     1 |       ||     1
       Song of Slaying   |       |       |     1 ||     1
Evoke: Wand              |       |     2 |     2 ||     4
  Use: Potion            |     4 |     3 |     3 ||    10
       Scroll            |       |     8 |    12 ||    20
 Stab: Sleeping          |       |     1 |       ||     1
  Eat: Chunk             |     1 |     9 |    11 ||    21
       Fruit             |       |       |     1 ||     1
Armor: Robe              |    62 |    55 |    41 ||   158
       Skin              |     1 |     2 |       ||     3
Dodge: Dodged            |   116 |   117 |   123 ||   356
